 Dungeon Crawl Stone Soup version 0.31-a0-319-g4fced400ed (webtiles) character file.

Game seed: 6678265199865492542

2815 night the Grappler (level 9, -2/76 HPs)
             Began as a Troll Shapeshifter on July 17, 2023.
             Was a Believer of Wu Jian.
             Shot with a bolt by an orc (13 damage)
             ... in a bailey.
             The game lasted 00:12:24 (5160 turns).

night the Grappler (Troll Shapeshifter)             Turns: 5160, Time: 00:12:25

Health: -2/76      AC:  5    Str: 29    XL:     9   Next: 44%
Magic:  8/8        EV:  9    Int:  4    God:    Wu Jian [**....]
Gold:   360        SH:  0    Dex: 10    Spells: 8/8 levels left

rFire   . .          .
                       - Unarmed
rCold   . . .        (no shield)
rNeg    . . .        a - +1 animal skin
rPois   +            (helmet currently unavailable)
rElec   .            (cloak currently unavailable)
rCorr   .            (gloves unavailable)
SInv    .            (boots unavailable)
Will    .....        w - amulet of regeneration
Stlth   +            m - ring of poison resistance
HPRegen 1.92/turn    (no ring)
MPRegen 0.11/turn

%: no passive effects
@: beast-form
A: beast (slay +5), large, unfitting armour, claws 3, regeneration 1, shaggy fur
1, tough skin 1
a: Begin Untransformation, Renounce Religion, Wall Jump


You were in a bailey.
You worshipped Wu Jian.
Wu Jian was pleased with you.
You were a hulking beast.
You visited 1 branch of the dungeon, and saw 7 of its levels.
You also visited: Bailey.

You collected 405 gold pieces.
You spent 45 gold pieces at shops.

Inventory:

Hand Weapons
 b - a +0 arbalest
Missiles
 e - 21 stones
 i - 2 atropa-tipped darts
 p - 13 poisoned darts
 A - 4 boomerangs
Armour
 a - a +1 animal skin (worn)
Jewellery
 m - a ring of poison resistance (left claw)
 w - an amulet of regeneration (around neck)
 C - an amulet of guardian spirit
Talismans
 c - a beast talisman
 k - a blade talisman
Wands
 o - a wand of roots (12)
 r - a wand of mindburst (19)
 y - a wand of paralysis (4)
Scrolls
 g - a scroll of immolation
 j - 2 scrolls of teleportation
 l - 2 scrolls of fog
 q - a scroll of revelation
 u - a scroll of fear
 v - a scroll of noise
 D - 2 scrolls of identify
Potions
 d - 2 potions of attraction {unknown}
 f - a potion of degeneration {unknown}
 h - 5 potions of curing {unknown}
 n - a potion of cancellation {unknown}
 s - a potion of haste {unknown}
 t - 2 potions of magic {unknown}
 x - 2 potions of might {unknown}
 z - a potion of heal wounds {unknown}
 B - 2 potions of lignification


   Skills:
 - Level 1.5 Fighting
 - Level 1.5 Dodging
 + Level 9.5 Unarmed Combat
 + Level 8.4 Shapeshifting


You had 8 spell levels left.
You didn't know any spells.
Your spell library contained the following spells:

 Spells                   Type           Power      Damage    Failure   Level
 Apportation              Tloc           0%         N/A       50%         1
 Necrotise                Necr           0%         1d4       50%         1
 Summon Small Mammal      Summ           0%         N/A       50%         1
 Call Canine Familiar     Summ           0%         N/A       86%         3
 Portal Projectile        Hex/Tloc       0%         N/A       86%         3
 Vampiric Draining        Necr           0%         2d6       86%         3
 Leda's Liquefaction      Hex/Erth       0%         N/A       99%         4
 Agony                    Necr           0%         N/A       100%        5


Dungeon Overview and Level Annotations

Branches:
Dungeon (7/15)             Bailey (1/1)
 Temple: D:4-7

Altars:
Fedhas
Sif Muna
Wu Jian
Zin
The Shining One

Shops:
D:4 :   D:5 *?=

Annotations:
D:6 2 transporters, Tenar's ghost, novice BaHu


Innate Abilities, Weirdness & Mutations

You are a hulking beast.
Your limbs bulge with bestial killing power. (Slay +5)
You are too large for most types of armour.
You have claws for hands.
Your natural rate of healing is unusually fast.
You are covered in fur. (AC +1)
You have tough skin. (AC +1)


Message History

You enter the shallow water.
An orc warrior comes into view. It is wielding a +0 arbalest.
Found a gate leading back out of this place.
You enter the shallow water.
An orc comes into view. It is wielding a +0 arbalest.
The orc warrior shouts!
The orc warrior shoots a bolt.
The bolt barely misses you.
An orc comes into view. It is wielding a +0 arbalest.
The orc shoots a bolt.
The bolt hits you.
The orc warrior shoots a bolt.
The bolt hits you!
You hear a shout!
The orc shoots a bolt.
The bolt closely misses you.
The orc warrior shoots a bolt.
The bolt barely misses you.
The orc shoots a bolt.
The bolt hits you.
The orc warrior shoots a bolt.
The bolt hits you!
You enter the shallow water.
The orc warrior shoots a bolt.
The bolt hits you!!
The orc warrior shoots a bolt.
The bolt hits you!
* * * LOW HITPOINT WARNING * * *
You are too injured to fight recklessly!
You scratch the orc warrior but do no damage.
The orc shoots a bolt.
The bolt hits you.
* * * LOW HITPOINT WARNING * * *
You claw the orc warrior! Your claw misses the orc warrior.
The orc warrior is heavily wounded.
The orc shoots a bolt.
The bolt hits you.
* * * LOW HITPOINT WARNING * * *
You closely miss the orc warrior.
The orc warrior is heavily wounded.
The orc warrior unwields a +0 arbalest.
The orc warrior splashes around in the water.
You scratch the orc warrior.
The orc warrior is severely wounded.
The orc shoots a bolt.
The bolt misses you.
You claw the orc warrior!
You kill the orc warrior!
The Council accepts your kill.
You hear a splash. x2
The orc unwields a +0 arbalest.
The orc closely misses you.
The orc shoots a bolt.
The bolt hits you!
You die...

#.....~≈ ≈≈ ~~
#.....≈≈ ## ≈~~
#.....≈##.##≈~
#.....≈# ...~ ~
#.....≈##o∩# ~~~
#.....≈≈#.##≈~~~
#.....~≈≈o≈≈≈~~~
#.....~~h)~~~~~~
#.....~~~~~~~~~~
#.....~~~~~~~##~
#.....~~~~~~~#
#.....~~~~~~~#
#.....~~~~~~~#
#.....~~~~~~~#
#.....~~~~~~~##
#.....~~~~~~~~#


You could see 2 orcs.

Vanquished Creatures
  Grinder (D:4)
  An ice beast (D:5)
  5 orc warriors
  7 ogres
  A centaur (D:6)
  A kobold brigand (D:6)
  4 scorpions
  4 killer bees
  A howler monkey (D:6)
  A crimson imp (D:5)
  A jelly (D:5)
  2 gnoll boudas
  8 hounds
  3 orc priests
  2 sleepcaps
  2 iguanas
  Jessica (D:3)
  Ijyb (D:3)
  2 orc wizards
  9 gnolls
  6 adders
  A shadow imp (D:6)
  4 white imps
  3 ufetubi (D:6)
  3 worms
  3 dart slugs
  11 orcs
  7 bats
  8 endoplasms
  4 giant cockroaches
  10 hobgoblins
  4 jackals
  2 ball pythons
  5 frilled lizards
  8 goblins
  2 goblin zombies (D:3)
  2 hobgoblin zombies (D:3)
  9 kobolds
  A kobold zombie (D:3)
  2 orc skeletons (D:3)
  An orc zombie (D:3)
  8 rats
161 creatures vanquished.

Notes
Turn   | Place    | Note
-------+----------+-------------------------------------------
     0 | D:1      | night the Troll Shapeshifter began the quest for the Orb.
     0 | D:1      | Reached XP level 1. HP: 19/19 MP: 0/0
    82 | D:1      | Reached XP level 2. HP: 27/27 MP: 1/1
   729 | D:2      | Reached XP level 3. HP: 28/33 MP: 2/2
   744 | D:2      | Reached skill level 3 in Unarmed Combat
   879 | D:2      | Reached XP level 4. HP: 38/41 MP: 3/3
  1725 | D:3      | Found a glowing golden altar of the Shining One.
  1931 | D:3      | Noticed Ijyb
  1943 | D:3      | Killed Ijyb
  1944 | D:3      | Reached skill level 4 in Unarmed Combat
  1944 | D:3      | Reached XP level 5. HP: 47/48 MP: 4/4
  1952 | D:3      | Noticed Jessica
  1964 | D:3      | Killed Jessica
  2263 | D:4      | Found Gixirihosh's Book Boutique.
  2470 | D:4      | Noticed Grinder
  2476 | D:4      | Paralysed by Grinder for 2 turns
  2485 | D:4      | Killed Grinder
  2486 | D:4      | Reached skill level 5 in Unarmed Combat
  2486 | D:4      | Reached skill level 5 in Shapeshifting
  2486 | D:4      | Reached XP level 6. HP: 22/55 MP: 5/5
  2681 | D:4      | Reached XP level 7. HP: 62/62 MP: 6/6
  3012 | D:5      | Entered Level 5 of the Dungeon
  3012 | D:5      | Found Tuachuetz's General Store.
  3012 | D:5      | Found Ranlies's Magic Scroll Shop.
  3012 | D:5      | Found Vext's Jewellery Shop.
  3077 | D:5      | Reached skill level 6 in Unarmed Combat
  3204 | D:5      | Found an ornate altar of the Wu Jian Council.
  3204 | D:5      | Found a shimmering blue altar of Sif Muna.
  3210 | D:5      | Became a worshipper of the Wu Jian Council
  3215 | D:5      | Found a glowing silver altar of Zin.
  3312 | D:5      | Bought a scroll of teleportation for 45 gold pieces
  3368 | D:5      | Reached XP level 8. HP: 62/70 MP: 7/7
  3375 | D:5      | Reached skill level 7 in Unarmed Combat
  3737 | D:6      | Found a blossoming altar of Fedhas.
  4074 | D:6      | Identified the +4 quarterstaff of Datuyg {freeze, rN+}
  4146 | D:6      | Noticed Tenar's ghost (novice BaHu)
  4149 | D:6      | Found a transporter.
  4153 | D:6      | Found a transporter.
  4273 | D:6      | Reached * piety under Wu Jian
  4326 | D:6      | Reached skill level 8 in Unarmed Combat
  4377 | D:6      | Reached XP level 9. HP: 25/76 MP: 8/8
  4465 | D:6      | Identified the +2 dagger "Tushrar" {pain, Str+3 Int+6 SInv
                  | Stlth-}
  4593 | D:6      | Reached skill level 9 in Unarmed Combat
  4875 | D:6      | Reached ** piety under Wu Jian
  4979 | D:7      | Found a flagged portal.
  5081 | Bailey   | Entered a bailey
  5154 | Bailey   | HP: 11/76 [orc warrior/bolt (16)]
  5160 | Bailey   | Shot with a bolt by an orc

Illustrated notes

Levels and vault maps discovered:
D:1:      minmay_arrival_diagonal_passages, layout_basic,
          hangedman_feature_mirror, kennysheep_flooded_box, hex_intersection,
          nicolae_wormholes
D:2:      minmay_angry_zag, layout_basic
D:3:      layout_basic, nicolae_tso_besieged_by_evil, kennysheep_nondescript,
          uniq_ijyb, uniq_jessica
D:4:      layout_loops_ring, serial_shops, nicolae_inconvenience_store,
          minmay_misc_feat_four_crosses, kennysheep_generic_room_14,
          uniq_grinder
D:5:      layout_rooms, grunt_temple_overflow_diamond, moated_statue,
          hangedman_decor_clover_reticule, nicolae_shop_distant_corner_stores,
          minmay_fire_ice_demons
D:6:      kennysheep_housing_project, layout_loops_corners,
          mainiacjoe_overflow_small_starburst, gammafunk_ghost_arena
D:7:      layout_basic, minmay_temple_entry_wispy, serial_shops, shop,
          enter_bailey_8, minmay_crystal_room
Bailey:   bailey_polearm_2, bailey

Skill      XL: |  1  2  3  4  5  6  7  8  9 |
---------------+----------------------------+-----
Unarmed Combat | 3 4 5 6 8 9 |  9.5
Shapeshifting  | 4 5 6 7 8 |  8.4
Fighting       | |  1.5
Dodging        | |  1.5

Action                     |  1- 3 |  4- 6 |  7- 9 || total
---------------------------+-------+-------+-------++-------
  Melee: Unarmed           |    65 |   121 |   209 ||   395
         Punch             |     1 |     1 |     7 ||     9
   Fire: Arbalest          |       |       |    15 ||    15
Ability: Lunge             |       |       |    12 ||    12
         Whirlwind         |       |       |     1 ||     1
    Use: Scroll            |       |       |     9 ||     9
   Stab: Sleeping          |       |       |     1 ||     1
 Armour: Animal skin       |    19 |    34 |    58 ||   111
  Dodge: Dodged            |    25 |    46 |   136 ||   207
         Form:             |     1 |       |       ||     1
         Beast             |     1 |       |       ||     1

Table legend: (Time is in decaauts)
 A = Elapsed time spent in this place.
 B = Non-inter-level travel time spent in this place.
 C = Inter-level travel time spent in this place.
 D = Time resting spent in this place.
 E = Time spent auto-exploring this place.
 F = Levels seen in this place.
 G = Mean time per level.
                   A        B        C        D        E       F      G
               +--------+--------+--------+--------+--------+-----+--------+
         Total |   5131 |   4848 |    283 |     26 |   3726 |   8 |  641.4 |
       Dungeon |   5041 |   4758 |    283 |     26 |   3702 |   7 |  720.1 |
        Bailey |     89 |     89 |      0 |      0 |     24 |   1 |   89.0 |
               +--------+--------+--------+--------+--------+-----+--------+

Top non-repeatable levels by time:
     D:6: 1119 daAuts
     D:2: 930 daAuts
     D:4: 855 daAuts
     D:5: 684 daAuts
     D:1: 683 daAuts
     D:3: 560 daAuts
     D:7: 207 daAuts
  Bailey: 89 daAuts
